 Dungeon Crawl Stone Soup version 0.31-a0-1589-g8f5e8aebd6 (webtiles) character file.

Game seed: 2165474049629027236

147 Curundu the Chopper (level 5, -2/45 HPs)
             Began as a Minotaur Berserker on Jan 5, 2024.
             Was a Believer of Trog.
             Slain by an orc
             ... wielding a +0 trident
              (4 damage)
             ... on level 3 of the Dungeon.
             The game lasted 00:05:23 (1245 turns).

Curundu the Chopper (Minotaur Berserker)            Turns: 1245, Time: 00:05:24

Health: -2/45      AC: 12    Str: 23    XL:     5   Next: 7%
Magic:  4/4        EV:  9    Int:  4    God:    Trog [**....]
Gold:   35         SH:  0    Dex: 10    Spells: 4/4 levels left

rFire   . . .        a - +0 hand axe
rCold   . . .        (no shield)
rNeg    . . .        n - +0 chain mail
rPois   .            (helmet restricted)
rElec   .            (no cloak)
rCorr   .            f - +0 pair of gloves
SInv    .            e - +1 pair of boots
Will    .....        (no amulet) Stlth
                     (no ring)
HPRegen 0.27/turn    (no ring)
MPRegen 0.09/turn

%: no passive effects
@: on berserk cooldown, slowed, very slow
A: horns 2, retaliatory headbutt
a: Renounce Religion, Berserk, Trog's Hand


You were on level 3 of the Dungeon.
You worshipped Trog.
Trog was pleased with you.
You visited 1 branch of the dungeon, and saw 3 of its levels.

You collected 35 gold pieces.

Inventory:

Hand Weapons
 a - a +0 hand axe (weapon)
Missiles
 g - 4 boomerangs
Armour
 e - a +1 pair of boots (worn)
 f - a +0 pair of gloves (worn)
 n - a +0 chain mail (worn)
Scrolls
 c - 2 scrolls of noise {unknown}
 d - a scroll of vulnerability {unknown}
 h - a scroll of identify {unknown}
 i - 2 scrolls of enchant armour {unknown}
 k - a scroll of acquirement {unknown}
Potions
 l - a potion of curing {unknown}
 m - 2 potions of degeneration {unknown}


   Skills:
 - Level 3.6 Fighting
 + Level 7.0 Axes
 - Level 2.4 Armour
 - Level 2.1 Dodging


You had 4 spell levels left.
You didn't know any spells.
Your spell library was empty.

Dungeon Overview and Level Annotations

Branches:
Dungeon (3/15)

Altars:

Shops:
D:3 *


Innate Abilities, Weirdness & Mutations

You have a pair of horns on your head.
You reflexively headbutt those who attack you in melee.


Message History

You kill the orc!
Trog accepts your kill.
You are no longer berserk.
You are exhausted.
You feel yourself slow down.
You have reached level 5!
You miss the adder.
The adder bites you but does no damage. x2
You barely miss the adder. The adder closely misses you. x2
The orc barely misses you.
You closely miss the adder. The adder bites you but does no damage.
A hound comes into view.
The orc completely misses you. The adder barely misses you.
You furiously retaliate!
You headbutt the adder!
The hound barks!
You hit the adder but do no damage.
The adder is almost dead.
The adder bites you.
* * * LOW HITPOINT WARNING * * *
The orc barely misses you. The adder barely misses you.
The orc hits you but does no damage.
You miss the adder.
The adder is almost dead.
The adder closely misses you. The orc closely misses you.
The adder closely misses you.
You barely miss the adder.
The adder is almost dead.
The adder closely misses you. You furiously retaliate!
You headbutt the adder!
You kill the adder!
Trog accepts your kill. The orc hits you but does no damage.
You hear some strange, mumbled words.
Something tries to affect you, but you resist.
The orc hits you from afar with a +0 trident.
* * * LOW HITPOINT WARNING * * *
Your Axes skill increases to level 7!
You see here 5 stones.
The orc attacks as it pursues you! The orc barely misses you.
The orc attacks as it pursues you!
The orc hits you from afar with a +0 trident.
You die...

##... ..(?
#... # ...
∩. ..###
≈# ...
..##
#.##....#
#@....#
#.##....#
#o# ..#
#)# # #B#
......h.#
.......g.
.PP..P..##
PP....P.#


You could see a hound, an orc, a giant cockroach and a hobgoblin.

Vanquished Creatures
  Jessica (D:2)
  6 gnolls (D:3)
  An adder (D:3)
  A dart slug (D:2)
  2 ribbon worms (D:2)
  An orc (D:3)
  2 endoplasms (D:1)
  A giant cockroach (D:1)
  6 goblins
  4 hobgoblins
  2 jackals (D:2)
  2 quokkas
  6 ball pythons
  3 bats
  A frilled lizard (D:1)
  3 kobolds (D:2)
  8 rats
50 creatures vanquished.

Notes
Turn   | Place    | Note
-------+----------+-------------------------------------------
     0 | D:1      | Curundu the Minotaur Berserker began the quest for the Orb.
     0 | D:1      | Reached XP level 1. HP: 19/19 MP: 0/0
   157 | D:1      | Reached skill level 4 in Axes
   249 | D:1      | Reached XP level 2. HP: 26/26 MP: 1/1
   604 | D:2      | Reached skill level 5 in Axes
   632 | D:2      | Reached XP level 3. HP: 31/31 MP: 2/2
   634 | D:2      | Reached ** piety under Trog
   713 | D:2      | Noticed Jessica
   725 | D:2      | Killed Jessica
   816 | D:2      | Reached skill level 6 in Axes
   816 | D:2      | Reached XP level 4. HP: 39/39 MP: 3/3
  1206 | D:3      | Found Nyzisch Ahan's Assorted Antiques.
  1227 | D:3      | HP: 2/58 [gnoll/+0 halberd (6)]
  1237 | D:3      | Reached XP level 5. HP: 3/45 MP: 4/4
  1242 | D:3      | HP: 1/45 [orc/+0 trident (3)]
  1243 | D:3      | Reached skill level 7 in Axes
  1245 | D:3      | Slain by an orc

Illustrated notes

Levels and vault maps discovered:
D:1:      matt_arrival_refuge, layout_rooms
D:2:      layout_loops_cross, serial_park_tiny_pond, hex_large, uniq_jessica
D:3:      layout_loops_ring, lemuel_round_altar, serial_shops,
          nicolae_shop_hallway_stairs, gammafunk_ghost_nasty_kobolds,
          nicolae_grassy_gnolls

Skill      XL: |  1  2  3  4  5 |
---------------+----------------+-----
Axes           | 4 5 6 7 |  7.0
Fighting       | |  3.6
Armour         | |  2.4
Dodging        | |  2.1

Action                     |  1- 3 |  4- 6 || total
---------------------------+-------+-------++-------
  Melee: Hand axe          |    71 |    34 ||   105
         Headbutt          |    11 |     4 ||    15
 Invoke: Berserk           |       |     1 ||     1
 Armour: Animal skin       |    44 |       ||    44
         Scale mail        |     8 |     5 ||    13
         Chain mail        |       |    31 ||    31
  Dodge: Dodged            |    65 |    26 ||    91

Table legend: (Time is in decaauts)
 A = Elapsed time spent in this place.
 B = Non-inter-level travel time spent in this place.
 C = Inter-level travel time spent in this place.
 D = Time resting spent in this place.
 E = Time spent auto-exploring this place.
 F = Levels seen in this place.
 G = Mean time per level.
                   A        B        C        D        E       F      G
               +--------+--------+--------+--------+--------+-----+--------+
         Total |   1247 |   1247 |      0 |      0 |    828 |   3 |  415.7 |
       Dungeon |   1247 |   1247 |      0 |      0 |    828 |   3 |  415.7 |
               +--------+--------+--------+--------+--------+-----+--------+

Top non-repeatable levels by time:
     D:2: 621 daAuts
     D:1: 584 daAuts
     D:3: 40 daAuts
